 Dungeon Crawl Stone Soup version 0.24.0-13-gcf9b3192b9 (webtiles) character file.

Game seed: 11643099312018154730, levelgen mode: deterministic

5 Monsterracer the Skirmisher (level 1, 0/19 HPs)
             Began as a Ghoul Berserker on Nov 6, 2019.
             Was a Follower of Trog.
             Slain by a jackal (3 damage)
             ... on level 1 of the Dungeon.
             The game lasted 00:00:08 (215 turns).

Monsterracer the Skirmisher (Ghoul Berserker)        Turns: 215, Time: 00:00:09

Health: 0/19       AC:  2    Str: 19    XL:     1   Next: 80%
Magic:  0/0        EV: 12    Int:  3    God:    Trog [*.....]
Gold:   9          SH:  0    Dex:  8    Spells: 0/0 levels left

rFire    . . .     SeeInvis .   a - +0 hand axe
rCold    + . .     Gourm    .   (no shield)
rNeg     + + +     Faith    .   b - +0 animal skin
rPois    ∞         Spirit   .   (no helmet)
rElec    .         Reflect  .   (no cloak)
rCorr    .         Harm     .   (no gloves)
MR       .....                  (no boots)
Stlth    +.........             (no amulet)
HPRegen  0.00/turn              (no ring)
MPRegen  0.07/turn              (no ring)

@: rotting
A: rotting body, claws 1, carnivore, cold resistance 1, negative energy
resistance 3, inhibited regeneration, torment resistance, unbreathing
a: Renounce Religion


You were on level 1 of the Dungeon.
You worshipped Trog.
Trog was aware of your devotion.
You were not hungry.

You visited 1 branch of the dungeon, and saw 1 of its levels.

You collected 9 gold pieces.

Inventory:

Hand Weapons
 a - a +0 hand axe (weapon)
Armour
 b - a +0 animal skin (worn)
Scrolls
 e - a scroll of identify {unknown}
 f - a scroll of blinking {unknown}
Potions
 g - a potion of curing {unknown}
Comestibles
 c - a ration
 d - 4 chunks of flesh


   Skills:
 + Level 3.4 Fighting
 + Level 2.7 Axes
 + Level 1.9 Armour
 + Level 1.9 Dodging


You couldn't memorise any spells.
You didn't know any spells.
Your spell library was empty.

Dungeon Overview and Level Annotations

Branches:
Dungeon (1/15)

Altars:


Innate Abilities, Weirdness & Mutations

Your body is rotting away.
You thrive on raw meat.
You are immune to poison.
You have sharp fingernails.
You are carnivorous and can eat meat at any time.
Your flesh is cold resistant. (rC+)
You are immune to negative energy. (rN+++)
You do not regenerate when monsters are visible.
You are immune to unholy pain and torment.
You can survive without breathing.


Message History

You open the door.
There is an open door here.
There is an open door here.
You open the door.
You feel your flesh rotting away.
There is an open door here.
Eating one of 5 chunks of flesh.
You eat one of the 5 chunks of flesh.
You feel more resilient.
This raw flesh tastes great!
Things that are here:
a +0 dagger; a goblin skeleton
Found a stone staircase leading down.
f - a scroll labeled KOC RANEOP XED
g - a fuming dark potion A jackal comes into view.
The jackal barks!
You hear a bark!
You hear a shout!
A jackal comes into view.
A kobold comes into view.
There are monsters nearby!
There are monsters nearby!
A jackal comes into view.
The jackal barks!
A jackal comes into view.
You barely miss the jackal. The jackal barely misses you.
A kobold comes into view.
You barely miss the jackal. You hit the jackal but do no damage.
The jackal bites you but does no damage.
The jackal completely misses you.
You completely miss the jackal. You closely miss the jackal.
You barely miss the jackal. The jackal closely misses you.
The jackal barely misses you. The jackal bites you.
The jackal bites you but does no damage.
The jackal closely misses you.
You slash the kobold!
You kill the kobold!
Trog accepts your kill.
You hit the jackal but do no damage. You hit the jackal.
You closely miss the jackal. x2; The jackal completely misses you.
The jackal bites you but does no damage.
The jackal barely misses you.
The jackal bites you but does no damage.
The jackal barely misses you. x2; The jackal bites you.
You hit the jackal.
The jackal is severely wounded.
You hit the jackal. You barely miss the jackal. You hit the jackal.
The jackal bites you. The jackal misses you. The jackal barely misses you.
The jackal bites you but does no damage.
The jackal bites you.
The jackal bites you but does no damage.
The jackal barely misses you.
You are too injured to fight recklessly!
You are too injured to fight recklessly!
You are too injured to fight recklessly!
There are monsters nearby!
You are too injured to fight recklessly!
You are too injured to fight recklessly!
You are too injured to fight recklessly!
You are too injured to fight recklessly!
You are too injured to fight recklessly!
There are monsters nearby!
You are too injured to fight recklessly!
You are too injured to fight recklessly!
You are too injured to fight recklessly!
You are too injured to fight recklessly!
You are too injured to fight recklessly!
You are too injured to fight recklessly!
You are too injured to fight recklessly!
You are too injured to fight recklessly!
You are too injured to fight recklessly!
You are too injured to fight recklessly!
You completely miss the jackal.
The jackal is lightly wounded.
You hit the jackal. You barely miss the jackal. You hit the jackal.
The jackal barely misses you. x2; The jackal closely misses you.
The jackal bites you. The jackal closely misses you. The jackal misses you.
You hit the jackal.
You kill the jackal!
Trog accepts your kill.
You hit the jackal but do no damage. You closely miss the jackal.
You barely miss the jackal. You completely miss the kobold.
The jackal bites you but does no damage.
The jackal closely misses you. The kobold barely misses you.
The jackal bites you. x2
* * * LOW HITPOINT WARNING * * *
The jackal bites you.
* * * LOW HITPOINT WARNING * * *
The kobold hits you.
* * * LOW HITPOINT WARNING * * *
You barely miss the kobold. You completely miss the jackal.
You barely miss the jackal. x2
The jackal bites you but does no damage.
The jackal bites you.
* * * LOW HITPOINT WARNING * * *
The jackal bites you but does no damage.
The jackal bites you.
* * * LOW HITPOINT WARNING * * *
The jackal barely misses you. The kobold hits you but does no damage.
You closely miss the kobold. You hit the jackal but do no damage. x2
You closely miss the jackal. The jackal closely misses you.
The jackal bites you but does no damage.
The jackal bites you.
You die...

#.# #..........
##.####....##### ...
#.............####...
#######..............
###...........
##........#
#......#####
#.....hK...#..
#.....@.......
#.....hh......
#.............
#...$.........
#.............
#####.........
#......... #......###


You could see 3 jackals and a kobold.

Vanquished Creatures
  A goblin (D:1)
  A jackal (D:1)
  2 kobolds (D:1)
  A bat (D:1)
5 creatures vanquished.

Notes
Turn   | Place    | Note
-------+----------+-------------------------------------------
     0 | D:1      | Monsterracer the Ghoul Berserker began the quest for the
                  | Orb.
     0 | D:1      | Reached XP level 1. HP: 19/19 MP: 0/0
   213 | D:1      | HP: 9/19 [jackal (2)]
   214 | D:1      | HP: 3/19 [jackal (3)]
   215 | D:1      | Slain by a jackal

Levels and vault maps discovered:
D:1:      dpeg_arrival_court, layout_basic

Action                   || total
-------------------------++-------
Melee: Hand axe          ||    24
  Eat: Chunk             ||     1
Armor: Animal skin       ||    15
Dodge: Dodged            ||    36
